[Event "*** Titled Tuesday Blitz"]
[Site "Chess.com"]
[Date "2021.04.20"]
[Round "4"]
[White "dodorox"]
[Black "VladaSviridova"]
[Result "0-1"]
[WhiteElo "2101"]
[BlackElo "2267"]
[TimeControl "180+1"]
[EndTime "10:38:21 PDT"]
[Termination "VladaSviridova won on time"]

1. d4 d5 2. c4 c6 3. cxd5 cxd5 4. Nc3 Nf6 5. Bf4 Nc6 6. e3 a6 7. Bd3 Bg4 8. Nge2 e6 9. O-O Bd6 10. Bxd6 Qxd6 11. Rc1 O-O 12. Na4 Nd7 13. f3 Bh5 14. Nc5 Nxc5 15. Rxc5 Bg6 16. Bxg6 hxg6 17. Qc2 Rac8 18. Rc1 Nb4 19. Qb3 Rxc5 20. dxc5 Qe5 21.
Qxb4 Qxe3+ 22. Kf1 e5 23. Qc3 Qg5 24. Rd1 d4 25.
Qc4 Rc8 26. b4 Rc7 27. Ng3 Qf4 28. Qc1 Qh4 29. Kg1 f5 30. a4 Kh7 31. Re1 Qf6 32.
Qc4 Re7 33. b5 axb5 34. axb5 g5 35. Qc1 g6 36. Nf1 e4 37. fxe4 fxe4 38. Qc4 e3 39. Qe2 d3 40. Qf3 Qxf3 41. gxf3 d2 42. Rd1 e2 0-1

[Event "*** Titled Tuesday Blitz"]
[Site "Chess.com"]
[Date "2021.04.20"]
[Round "4"]
[White "maximych26"]
[Black "RenarddesSurfaces"]
[Result "0-1"]
[WhiteElo "2274"]
[BlackElo "2450"]
[TimeControl "180+1"]
[EndTime "10:38:23 PDT"]
[Termination "RenarddesSurfaces won on time"]

1. e4 c5 2. Nf3 e6 3. c3 Nf6 4.
e5 Nd5 5. d4 cxd4 6. cxd4 d6 7.
Nc3 dxe5 8. Nxe5 Nc6 9. Bb5 Qd6 10. Bxc6+ bxc6 11. O-O Nxc3 12. bxc3 Be7 13. Qf3 Bf6 14. Qxc6+ Qxc6 15. Nxc6 Bb7 16. Nb4 a5 17. Nc2 Rc8 18. Bd2 O-O 19. Rab1 Be4 20. Rfc1 e5 21. Rb2 Rfd8 22. f3 Bg6 23. Kf1 h6 24. Ke2 Re8 25. Kf1 Bd3+ 26. Kf2 Kh7 27. Ne1 Bc4 28. dxe5 Bxe5 29.
g3 Bd6 30. Be3 Ba3 31. Rbc2 Bxc1 32. Bxc1 Rc6 33. Be3 Rce6 34. Ng2 Rd6 35. Rb2 Red8 36. Rb7 R6d7 37. Rb6 Bxa2 38. Ra6 Rd5 39. Nf4 Bc4 40.
Nxd5 Bxa6 41. Nc7 Bc4 0-1

[Event "*** Titled Tuesday Blitz"]
[Site "Chess.com"]
[Date "2021.04.20"]
[Round "4"]
[White "Das_Virus_2020"]
[Black "dosto07"]
[Result "0-1"]
[WhiteElo "2471"]
[BlackElo "2338"]
[TimeControl "180+1"]
[EndTime "10:38:26 PDT"]
[Termination "dosto07 won on time"]

1. e4 e5 2. Nc3 Nf6 3. g3 d5 4.
exd5 Nxd5 5. Bg2 Nxc3 6. bxc3 Nc6 7. Rb1 Bc5 8. Qh5 O-O 9. Nh3 Bb6 10. O-O f6 11. d3 Be6 12. Rb2 Qd7 13. Kh1 Bg4 14. Qh4 Ne7 15. f3 Be6 16. Nf2 Nf5 17. Qb4 a5 18. Qa3 Rab8 19. Ne4 Ne3 20. Bxe3 Bxe3 21. Re1 Bb6 22. Rbb1 Rfe8 23. Qb2 h6 24. c4 f5 25. Nd2 Bf7 26. Qb5 Qxb5 27. Rxb5 a4 28. Rbxe5 Rxe5 29. Rxe5 Kf8 30. f4 Bd4 31. Re2 c6 32. Nf3 Bc3 33.
Ne5 Bxe5 34. fxe5 b5 35. e6 Be8 36. c5 Ke7 37. d4 b4 38. d5 cxd5 39. Bxd5 Rc8 40.
Kg2 Rxc5 41. Bf3 Rc3 42. Kf2 Bc6 43. Bxc6 Rxc6 44. Kf3 Rxe6 45. Rd2 Rd6 46. Re2+ Kd7 0-1

[Event "*** Titled Tuesday Blitz"]
[Site "Chess.com"]
[Date "2021.04.20"]
[Round "4"]
[White "NovikovaGalina"]
[Black "ural58"]
[Result "0-1"]
[WhiteElo "2307"]
[BlackElo "2462"]
[TimeControl "180+1"]
[EndTime "10:38:26 PDT"]
[Termination "ural58 won on time"]

1. e4 d5 2. exd5 Qxd5 3. Nf3 Bg4 4. Be2 Nc6 5. d4 O-O-O 6. Be3 e5 7. c4 Qa5+ 8. Bd2 Bb4 9. d5 Bxf3 10. Bxf3 Nd4 11.
Bc3 Bxc3+ 12. bxc3 Nf6 13. O-O Nxf3+ 14. Qxf3 Rhe8 15.
Nd2 e4 16. Qh3+ Kb8 17. Nb3 Qa6 18. Rab1 b6 19. Nd4 Qxc4 20. Nc6+ Kb7 21. Nxd8+ Rxd8 22. a4 Rxd5 23. Rfd1 Rxd1+ 24. Rxd1 Qxa4 25. Re1 Qc6 26. Qe3 h6 27. h3 a5 28. Qg3 g5 29. Rd1 a4 30. Qe5 Nd7 31. Qf5 Nc5 32. Rd8 Qe6 33.
Qh7 e3 34. fxe3 Qxe3+ 35. Kh2 Qf4+ 36. Kg1 Ne6 37. Re8 Qe3+ 38. Kh2 Qe5+ 39. Kh1 Qf6 40. Qh8 Qxh8 41. Rxh8 a3 0-1

[Event "*** Titled Tuesday Blitz"]
[Site "Chess.com"]
[Date "2021.04.20"]
[Round "4"]
[White "esrosenberg"]
[Black "ZaphenathPaneah"]
[Result "1-0"]
[WhiteElo "2197"]
[BlackElo "1797"]
[TimeControl "180+1"]
[EndTime "10:38:26 PDT"]
[Termination "esrosenberg won by resignation"]

1. Nf3 d5 2. c4 e6 3. d4 Nf6 4. g3 Be7 5. Bg2 O-O 6. O-O Ne4 7. Qc2 c6 8. Nfd2 f5 9. Nc3 Nd7 10. f3 Nd6 11. e4 fxe4 12. fxe4 Rxf1+ 13. Bxf1 dxe4 14. Ndxe4 Nxe4 15. Nxe4 Nf6 16. Be3 Bd7 17. Rd1 Ng4 18. Bf4 Qb6 19. c5 Qd8 20. h3 Nf6 21. Ng5 h6 22. Nf3 Nd5 23. Qd2 Nxf4 24. Qxf4 Qf8 25. Qxf8+ Rxf8 26. Ne5 Be8 27. Bc4 Rf6 28. Ng4 Rg6 29. Bd3 Rg5 30. Re1 Bf7 31. Kg2 Rd5 32. Bc4 Rxd4 33. Bxe6 Rd2+ 34. Kf3 Bxe6 35. Rxe6 Bxc5 36. Re8+ Kf7 37. Rb8 Rxb2 38. Ne5+ Ke6 39. Nd3 Rc2 40. Nxc5+ Rxc5 41. Rxb7 Ra5 42. Rxg7 Rxa2 43. Rg6+ Ke5 44. Rxh6 a5 45. Rxc6 a4 46.
Ra6 a3 47. Kg4 Ra1 48. h4 a2 49. Kh5 Kd4 50. g4 Kc3 51. g5 Kb2 52. g6 Rg1 53. Rxa2+ Kxa2 54. Kh6 Kb3 55. g7 Kc4 56. h5 Kd4 57. Kh7 Rh1 58. h6 1-0

[Event "*** Titled Tuesday Blitz"]
[Site "Chess.com"]
[Date "2021.04.20"]
[Round "4"]
[White "Sychev_Klementy"]
[Black "Witik"]
[Result "1-0"]
[WhiteElo "2903"]
[BlackElo "2678"]
[TimeControl "180+1"]
[EndTime "10:38:28 PDT"]
[Termination "Sychev_Klementy won on time"]

1. e4 c6 2. Nc3 d5 3. d3 Nf6 4. e5 Nfd7 5. d4 e6 6. f4 c5 7. Nf3 Nc6 8. Be3 cxd4 9. Nxd4 Bc5 10.
Qd2 O-O 11. O-O-O Bxd4 12. Bxd4 a6 13. Bf2 b5 14. Ne2 Nb6 15. Nd4 Bd7 16. h4 Qc7 17. h5 Rfc8 18. h6 g6 19. Nxc6 Qxc6 20. Bd4 b4 21. Bd3 Rab8 22. Qxb4 Nc4 23. Qe7 Qa4 24.
Qf6 Kf8 25. f5 exf5 26. Bc5+ Rxc5 27. Qh8+ Ke7 28. Qxb8 Qxa2 29. Bxc4 Qxc4 30. c3 Be6 31. Qd6+ Ke8 32. Kb1 Rb5 33. Qa3 a5 34. Rd4 Qc6 35. Qa4 Qb6 36. Ka1 Ke7 37. Rhd1 f4 38. c4 Rb4 39.
Qa3 Qc5 40. cxd5 Bf5 41. e6 fxe6 42. d6+ Kd7 43. Rxb4 axb4 44. Qa4+ Kd8 45. d7 Bc2 46.
Qa8+ 1-0

[Event "*** Titled Tuesday Blitz"]
[Site "Chess.com"]
[Date "2021.04.20"]
[Round "4"]
[White "elohunter1999"]
[Black "Nuvas"]
[Result "1-0"]
[WhiteElo "2502"]
[BlackElo "2636"]
[TimeControl "180+1"]
[EndTime "10:38:28 PDT"]
[Termination "elohunter1999 won by resignation"]

1. d4 d5 2. c4 c6 3. Nf3 Nf6 4. e3 e6 5. b3 Bb4+ 6. Nbd2 Nbd7 7. Bd3 O-O 8. O-O Bc3 9. Rb1 e5 10. Qc2 exd4 11. Ba3 Re8 12. exd4 Bxd2 13. Nxd2 Nf8 14. Rbe1 Rxe1 15. Rxe1 dxc4 16. Nxc4 Qxd4 17. Bb2 Qh4 18. g3 Qh6 19. Bc1 Qh5 20. Re5 Qh3 21. f3 Qd7 22.
Bg5 Nd5 23. Bd2 b6 24. Rh5 Nf6 25. Rg5 Ne6 26. Re5 Bb7 27. g4 Rd8 28. Bf5 Qd4+ 29. Be3 Qa1+ 30. Kg2 Nd4 31. Qd2 c5 32. Bxd4 Rxd4 33.
Qe3 g6 34. g5 Qxa2+ 35. Kh3 Rh4+ 36. Kxh4 gxf5 37. gxf6 Qxh2+ 38. Kg5 h6+ 39. Kxf5 Qh5+ 40. Kf4 Qh4+ 41. Kf5 Bc8+ 42. Re6 Bxe6+ 43. Ke5 Qh5+ 44. Kd6 Qd5+ 45. Kc7 Qd7+ 46. Kb8 Bd5 47. Qg1+ 1-0

[Event "*** Titled Tuesday Blitz"]
[Site "Chess.com"]
[Date "2021.04.20"]
[Round "4"]
[White "Fh2411"]
[Black "ShahMatKanal"]
[Result "0-1"]
[WhiteElo "2548"]
[BlackElo "2405"]
[TimeControl "180+1"]
[EndTime "10:38:28 PDT"]
[Termination "ShahMatKanal won by resignation"]

1. d4 d5 2. Nf3 Nf6 3. Bf4 c5 4. e3 cxd4 5. exd4 Nc6 6. c3 g6 7.
Nbd2 Bg7 8. h3 O-O 9. Bd3 a6 10.
O-O Bf5 11. Bxf5 gxf5 12. Ne5 Nxe5 13. Bxe5 e6 14. f3 Nd7 15. Bh2 Kh8 16. Qe2 Rg8 17.
Kh1 Qh4 18. Qf2 Qh6 19. Nb3 b6 20. Nc1 Bf6 21. Nd3 Bh4 22. Qe2 Rg7 23. g4 fxg4 24. fxg4 Bg5 25. Rf3 Re8 26. Raf1 f6 27. Bf4 b5 28. Bxg5 Rxg5 29. Qh2 e5 30. dxe5 fxe5 31. Rf7 Rg7 32. Nxe5 Rxe5 33. Rxd7 Qe6 34. Rd8+ Rg8 35. Rxg8+ Kxg8 36. Qf4 Qe7 37. Rf2 a5 38. Kh2 b4 39.
cxb4 axb4 40. Kg2 Kg7 41. Qd4 Kg8 42. Qf4 Kg7 43. Kg3 h6 44. h4 Re4 45. Rf3 Rxf4 46. Rxf4 Qe3+ 47. Rf3 Qe5+ 48. Kh3 Qxb2 0-1

[Event "*** Titled Tuesday Blitz"]
[Site "Chess.com"]
[Date "2021.04.20"]
[Round "4"]
[White "anon102030"]
[Black "PotapovaM"]
[Result "1-0"]
[WhiteElo "2727"]
[BlackElo "2508"]
[TimeControl "180+1"]
[EndTime "10:38:29 PDT"]
[Termination "anon102030 won by resignation"]

1. e4 c5 2. Nc3 d6 3. g3 g6 4. Bg2 Bg7 5. d3 Nc6 6. Be3 e6 7. Nf3 Nd4 8. O-O Ne7 9. Nh4 O-O 10. f4 f5 11. Qd2 Rb8 12. Nd1 b6 13. c3 Ndc6 14.
exf5 gxf5 15. d4 Ba6 16. Re1 Na5 17. b3 Nd5 18. Bf2 Qd7 19. Rc1 Bb7 20. c4 Nf6 21. d5 e5 22. fxe5 dxe5 23. Ne3 Ne8 24. Bh3 Nd6 25. Rf1 Bh6 26. Qe2 Bc8 27. Rce1 Qg7 28. Neg2 f4 29. Be6+ Bxe6 30. dxe6 e4 31. gxf4 Rbe8 32.
f5 Nxf5 33. Nxf5 Rxf5 34. Qxe4 Rg5 35. Kh1 Kh8 36. Bh4 Rg4 37. Bf6 Rxe4 38. Bxg7+ Bxg7 39. Rxe4 Nc6 40. Nf4 Ne5 41. Rfe1 Ng4 42. R1e2 Bd4 43. Kg2 Nf6 44. e7 Nxe4 45. Rxe4 Kg7 46. Nd5 Kf7 47.
Kf3 h6 48. Rf4+ Ke6 49. Nc7+ Kxe7 50. Re4+ Kd7 51. Nxe8 1-0

[Event "*** Titled Tuesday Blitz"]
[Site "Chess.com"]
[Date "2021.04.20"]
[Round "4"]
[White "gumimis"]
[Black "atwalcb"]
[Result "1-0"]
[WhiteElo "2329"]
[BlackElo "2448"]
[TimeControl "180+1"]
[EndTime "10:38:29 PDT"]
[Termination "gumimis won on time"]

1. e4 d6 2. d4 Nf6 3. Nc3 Nbd7 4. f4 e5 5. Nf3 exd4 6. Nxd4 g6 7. Be3 Bg7 8. Be2 O-O 9. O-O Re8 10. Bf3 Nc5 11.
e5 dxe5 12. fxe5 Rxe5 13. Bf4 Re7 14. Nc6 Qe8 15. Nxe7+ Qxe7 16. Re1 Ne6 17. Qd2 Qb4 18. Be5 c6 19. a3 Qh4 20. Rad1 h5 21. Ne4 Ng4 22. Bg3 Qe7 23. Bxg4 hxg4 24. Kh1 b6 25. Nd6 Ba6 26. Qe3 Bxb2 27. Ne4 Qxa3 28. Qxa3 Bxa3 29. Rd7 Nc5 30. Re7 Nxe4 31. R7xe4 Bc5 32. Re8+ Rxe8 33. Rxe8+ Kg7 34. Ra8 b5 35. Be5+ f6 36. Bc3 b4 37. Bb2 Bb5 38. Rc8 Kf7 39. Rc7+ Ke6 40. h3 gxh3 41. gxh3 f5 42. Kg2 a5 43. Rg7 a4 44.
Rxg6+ Kd5 45. Rf6 Ke4 46. Re6+ Kf4 47. Bc1+ 1-0

[Event "*** Titled Tuesday Blitz"]
[Site "Chess.com"]
[Date "2021.04.20"]
[Round "4"]
[White "gisela_roque"]
[Black "chesshermar"]
[Result "0-1"]
[WhiteElo "1795"]
[BlackElo "2198"]
[TimeControl "180+1"]
[EndTime "10:38:29 PDT"]
[Termination "chesshermar won on time"]

1. c4 g6 2. Nf3 Bg7 3. g3 e5 4. Nc3 d6 5. Bg2 f5 6. d3 Nf6 7. O-O O-O 8. Rb1 c6 9. b4 Kh8 10. Ba3 Be6 11. Qc2 Bg8 12. c5 dxc5 13. Nxe5 cxb4 14.
Bxb4 Re8 15. Nc4 Na6 16. Ba3 Bxc4 17. dxc4 Qa5 18. Bc1 Nc5 19. Be3 Ng4 20. Bxc5 Qxc5 21. Rxb7 Qxc4 22. Rb3 Rab8 23. h3 Nf6 24. Qb1 Rxb3 25.
Qxb3 Qxb3 26. axb3 Nh5 27. e3 Bxc3 28. Bxc6 Rc8 29.
Bf3 Nf6 30. Rd1 Kg7 31. g4 fxg4 32. hxg4 Rc7 33. g5 Ne8 34. Rd8 Kf7 35. Bd5+ Ke7 36. Rb8 Be5 37. f4 Bd6 38. Rb5 Bc5 39. Kf2 Nd6 40.
Rb8 Nf5 41. Bg8 Bxe3+ 42. Kf3 Rc3 43. Ke4 Nd6+ 44. Kd5 Bb6 45. Bxh7 Rd3+ 46. Kc6 Kf7 0-1

[Event "*** Titled Tuesday Blitz"]
[Site "Chess.com"]
[Date "2021.04.20"]
[Round "4"]
[White "Vaathi_Coming"]
[Black "MarcoRiehle"]
[Result "1-0"]
[WhiteElo "2916"]
[BlackElo "2705"]
[TimeControl "180+1"]
[EndTime "10:38:30 PDT"]
[Termination "Vaathi_Coming won by resignation"]

1. Nf3 Nf6 2. b3 c5 3. Bb2 Nc6 4. c4 d5 5. cxd5 Nxd5 6. g3 f6 7. Bg2 e5 8. O-O Be7 9. Nc3 Be6 10. Rc1 O-O 11. d3 Rc8 12. Nd2 Qd7 13. Nce4 b6 14. Nc4 Rfd8 15. a3 Bf8 16. e3 Nc7 17. Rc3 Nb5 18. Rc2 Nd6 19. Ncxd6 Bxd6 20. Rd2 Bf8 21. f4 exf4 22. Rxf4 Bd6 23. Rxf6 Be5 24. Bxe5 Nxe5 25. Qh5 Ng6 26. Rxe6 Qxe6 27. Bh3 Qe5 28. Bf5 Re8 29. Rf2 Nf8 30. Qh4 Rcd8 31. Ng5 h6 32. Nf3 Qxe3 33. Be4 Rxe4 34. dxe4 Rd1+ 35. Kg2 Rd3 36. Qe7 Ng6 37. Qe6+ Kh7 38. Qf5 Rd4 39. Nxd4 Qxd4 40. h4 Qe5 41. Qg4 h5 42. Qf5 Qxf5 43. Rxf5 Kh6 44. Rf7 b5 45. Rxa7 c4 46. bxc4 bxc4 47. Ra6 Kh7 48. Ra5 Ne5 49. Rxe5 1-0

[Event "*** Titled Tuesday Blitz"]
[Site "Chess.com"]
[Date "2021.04.20"]
[Round "4"]
[White "PchelkinVK"]
[Black "Diaschess88"]
[Result "0-1"]
[WhiteElo "2629"]
[BlackElo "2507"]
[TimeControl "180+1"]
[EndTime "10:38:30 PDT"]
[Termination "Diaschess88 won on time"]

1. d4 d5 2. Nc3 c6 3. Bf4 Nf6 4. Nf3 Bf5 5. e3 e6 6. Ne5 Nfd7 7. g4 Bg6 8. h4 Nxe5 9. Bxe5 h5 10. g5 Nd7 11. Bf4 Qb6 12. Rb1 Bb4 13. Bd3 Bxd3 14. Qxd3 Qb5 15. g6 f6 16. Qd2 Qc4 17. a3 Bxc3 18.
bxc3 Qa6 19. Bd6 Nb6 20. Bb4 Nc4 21. Qe2 Kd7 22. e4 b6 23. O-O Qb7 24. f4 Rae8 25.
Qf3 a5 26. Bc5 Qc7 27. f5 Nd2 28. fxe6+ Rxe6 29. Qh3 bxc5 30. exd5 cxd5 31. Rfe1 Re8 32. Rb5 Ne4 33. c4 Qg3+ 34. Qxg3 Nxg3 35. Rxe6 Rxe6 36.
cxd5 Re2 37. Rxc5 Rd2 38. c3 Ne4 39. Rxa5 Nxc3 40. Ra7+ Kd6 41. Rxg7 Kxd5 42. Rf7 Rxd4 43. Rxf6 Rxh4 44. Kf1 Ne4 45. Rf5+ Kd4 46. g7 Ng3+ 0-1

[Event "*** Titled Tuesday Blitz"]
[Site "Chess.com"]
[Date "2021.04.20"]
[Round "4"]
[White "aaaao"]
[Black "Oligan22"]
[Result "0-1"]
[WhiteElo "2629"]
[BlackElo "2501"]
[TimeControl "180+1"]
[EndTime "10:38:31 PDT"]
[Termination "Oligan22 won by resignation"]

1. e4 c6 2. Nc3 d5 3. Nf3 dxe4 4. Nxe4 Nf6 5. Nxf6+ exf6 6. d4 Bd6 7. Bd3 O-O 8. Be3 Bg4 9. Qd2 Nd7 10. O-O-O Re8 11. h3 Bh5 12. g4 Bg6 13. Bxg6 hxg6 14. h4 Nb6 15. Qd3 Bf8 16. g5 Qd5 17. Nd2 Qxa2 18. gxf6 gxf6 19. h5 g5 20. Rdg1 Na4 21. Qb3 Qxb3 22.
Nxb3 Kh7 23. Rh3 Rad8 24. Rf3 Re6 25. Na5 Rd7 26. c3 Nb6 27. Kc2 Nd5 28. Nc4 Bh6 29.
Bd2 Rde7 30. Rf5 Re2 31. Kd1 R2e4 32. Nd6 Rh4 33. c4 Rxd4 34. cxd5 g4 35. Nc4 Rxc4 36.
d6 Re6 37. Bxh6 Kxh6 38. d7 Rd4+ 39. Kc2 Red6 40. Kc3 Rxd7 41. Rxf6+ Kxh5 42. Rh1+ Kg5 43. Rfh6 Rd3+ 44. Kc2 Rd2+ 45. Kc3 Rxf2 46. R1h5+ Kf4 47. Rf6+ Kg3 48. Rxf2 Kxf2 49. Rf5+ Kg3 0-1

[Event "*** Titled Tuesday Blitz"]
[Site "Chess.com"]
[Date "2021.04.20"]
[Round "4"]
[White "vinniethepooh"]
[Black "RzayevB"]
[Result "0-1"]
[WhiteElo "2735"]
[BlackElo "2570"]
[TimeControl "180+1"]
[EndTime "10:38:32 PDT"]
[Termination "RzayevB won by resignation"]

1. d4 c5 2. d5 e5 3. c4 d6 4. Nc3 Nf6 5. e4 Be7 6. Bd3 O-O 7. Nge2 Ne8 8. Qd2 f5 9. exf5 Bxf5 10. Ng3 Bxd3 11. Qxd3 Bg5 12. O-O Nd7 13. Nce4 Bxc1 14. Raxc1 Ndf6 15. Ng5 Nc7 16. Nh5 g6 17. Nxf6+ Qxf6 18. Ne4 Qe7 19. b4 cxb4 20. c5 Ne8 21. c6 Rc8 22. Rfd1 Rf4 23. Rc4 a5 24. Rdc1 b5 25. R4c2 Nc7 26. f3 g5 27. a3 bxa3 28. Qxa3 Rd8 29.
Qxa5 g4 30. Qd2 gxf3 31. gxf3 Kh8 32. Kh1 Rxf3 33. Qg2 Rf4 34. Rg1 Nxd5 35. Nxd6 Ne3 36. c7 Nxg2 37. c8=Q Qxd6 38. Qh3 Qd5 39. Rcxg2 Rg8 40.
Qh6 Rfg4 41. Qd2 Rxg2 42. Qxg2 Qxg2+ 43. Rxg2 Rxg2 44. Kxg2 b4 45. Kf3 b3 46. Ke3 b2 47.
Ke4 b1=Q+ 0-1

[Event "*** Titled Tuesday Blitz"]
[Site "Chess.com"]
[Date "2021.04.20"]
[Round "4"]
[White "rugbyclub"]
[Black "eldur16"]
[Result "1/2-1/2"]
[WhiteElo "2254"]
[BlackElo "2592"]
[TimeControl "180+1"]
[EndTime "10:38:32 PDT"]
[Termination "Game drawn by agreement"]

1. c4 e5 2. Nc3 Nf6 3. Nf3 Nc6 4. e3 Bb4 5. Qc2 Bxc3 6. Qxc3 Qe7 7. Be2 d5 8. d4 exd4 9. Nxd4 Nxd4 10. Qxd4 c5 11. Qf4 O-O 12. O-O d4 13. Bf3 d3 14. Rd1 Rd8 15.
Bd2 Be6 16. b3 Rd7 17. Bc3 Rad8 18. Rd2 h6 19. Rad1 a6 20. h3 b5 21. Bxf6 Qxf6 22. Qxf6 gxf6 23. cxb5 axb5 24. Bc6 c4 25. Bxd7 Rxd7 26.
f3 Ra7 27. bxc4 bxc4 28. Kf2 Ra3 29. Rc1 f5 30. Kg3 Kg7 31. Kf4 Kf6 32. e4 fxe4 33. fxe4 Ke7 34. g4 Kd6 35. Ke3 Kc5 36. Rf2 Kb4 37.
Kd4 Ra4 38. Rd2 Ra8 39. Rb2+ Ka3 40. Kc3 Rd8 41. Rd2 Rb8 42. Rf1 Rb5 43. Rf4 h5 44.
e5 Rxe5 45. gxh5 Rxh5 46. h4 Ka4 47. Rxc4+ Bxc4 48. Kxc4 Rxh4+ 49. Kxd3 Ka3 50. Rf2 Rh3+ 51. Ke4 Rh7 1/2-1/2

[Event "*** Titled Tuesday Blitz"]
[Site "Chess.com"]
[Date "2021.04.20"]
[Round "4"]
[White "Problematique_99"]
[Black "kuba2006"]
[Result "1-0"]
[WhiteElo "2499"]
[BlackElo "2337"]
[TimeControl "180+1"]
[EndTime "10:38:32 PDT"]
[Termination "Problematique_99 won on time"]

1. d4 Nf6 2. Nf3 d6 3. c4 Nbd7 4. Nc3 e5 5. e4 g6 6. Be2 Bg7 7.
O-O O-O 8. Qc2 c6 9. Rd1 Qe7 10. h3 Nh5 11. Bf1 f5 12. Bg5 Qf7 13. dxe5 dxe5 14.
b4 f4 15. c5 h6 16. Rd6 hxg5 17. Nxg5 Qe8 18. Bc4+ Kh8 19. Ne6 Ndf6 20. Nc7 Qe7 21. Nxa8 f3 22. g3 Bxh3 23. Qd2 Rxa8 24. Qg5 Qe8 25.
Rad1 Rc8 26. b5 Kh7 27. bxc6 bxc6 28. Rb1 Rb8 29. Rxb8 Qxb8 30. Bf7 Bg2 31. Bxg6+ Kh8 32. Bxh5 Qb2 33. Rd8+ Ng8 34. Nd1 Qb4 35. Qd2 Qxc5 36.
Ne3 Kh7 37. Nxg2 fxg2 38. Kxg2 Qc4 39. Qe2 Qe6 40. Qg4 Qf6 41. Rd7 Nh6 42. Qh3 Qg5 43. Bf3 Qf6 44. Qh4 1-0

[Event "*** Titled Tuesday Blitz"]
[Site "Chess.com"]
[Date "2021.04.20"]
[Round "4"]
[White "Kostukov_Alex"]
[Black "SmoothAsAHedgehog"]
[Result "0-1"]
[WhiteElo "2356"]
[BlackElo "2667"]
[TimeControl "180+1"]
[EndTime "10:38:33 PDT"]
[Termination "SmoothAsAHedgehog won by resignation"]

1. g3 d5 2. Bg2 e5 3. c4 d4 4. d3 Nc6 5. Nf3 Bd6 6. O-O Nge7 7. e3 O-O 8. exd4 exd4 9. Re1 h6 10. a3 a5 11.
Nbd2 Ng6 12. Ne4 Be7 13. h3 f5 14. Ned2 Bf6 15. c5 Kh7 16. Nc4 Re8 17. Rxe8 Qxe8 18. Bf4 Nxf4 19. gxf4 Be6 20. Nce5 Bd5 21. Qe2 Bxe5 22. Nxe5 Bxg2 23. Kxg2 Nxe5 24. fxe5 Ra6 25. Re1 Rg6+ 26. Kh2 Qc6 27. f4 Qxc5 28. e6 Qe7 29. Qe5 Rf6 30. h4 Kg8 31. Kg3 Kf8 32. h5 Qd6 33. e7+ Ke8 34. Qb5+ Qc6 35. Qxa5 Re6 36. Qa8+ Kxe7 37. Rxe6+ Qxe6 38. Qb8 Qe3+ 39. Kg2 Qxf4 40. Qxb7 Qg5+ 41. Kf2 Qd2+ 42. Kf3 Qxd3+ 43. Kf2 Qe3+ 44.
Kg2 Qe4+ 45. Qxe4+ fxe4 46. Kg3 d3 47. Kf2 Kd6 48.
Ke3 c5 49. b4 cxb4 50. axb4 Kc6 0-1

[Event "*** Titled Tuesday Blitz"]
[Site "Chess.com"]
[Date "2021.04.20"]
[Round "4"]
[White "bazar-wokzal"]
[Black "FairChess_on_YouTube"]
[Result "0-1"]
[WhiteElo "2705"]
[BlackElo "3014"]
[TimeControl "180+1"]
[EndTime "10:38:34 PDT"]
[Termination "FairChess_on_YouTube won on time"]

1. e4 c5 2. c3 d5 3. exd5 Qxd5 4. d4 Nf6 5. Nf3 e6 6. a3 Nc6 7. Be3 Be7 8. dxc5 Qxd1+ 9. Kxd1 Ng4 10. b4 Nxe3+ 11.
fxe3 a5 12. Bb5 O-O 13. Bxc6 bxc6 14. Kc2 e5 15. Nxe5 Bf5+ 16. Kb2 Ra6 17. Nd2 Bf6 18.
Nec4 Rb8 19. Nb6 g6 20. Ndc4 axb4 21. axb4 Rxa1 22. Rxa1 Kg7 23. Ra7 Rd8 24. Nd6 Be6 25. Rc7 Be5 26. Rxc6 Bxh2 27. e4 h5 28. Nd5 h4 29. b5 g5 30. b6 g4 31. b7 h3 32.
gxh3 gxh3 33. Nc7 Bd7 34. Ra6 Rb8 35. Ra8 Bxd6 36. Rxb8 Bxc7 37. Rc8 Bc6 38. Rxc7 Bxb7 39.
Rxb7 h2 40. c6 h1=Q 41. c7 Qh3 42. Kb3 Qe6+ 43. c4 Qc6 44. Ra7 Qc5 0-1

[Event "*** Titled Tuesday Blitz"]
[Site "Chess.com"]
[Date "2021.04.20"]
[Round "4"]
[White "canary2016"]
[Black "Grineva_Marianna"]
[Result "1-0"]
[WhiteElo "2011"]
[BlackElo "2212"]
[TimeControl "180+1"]
[EndTime "10:38:34 PDT"]
[Termination "canary2016 won on time"]

1. d4 d5 2. c4 e6 3. Nf3 Nf6 4.
g3 c6 5. Bg2 Nbd7 6. O-O Be7 7.
Nbd2 O-O 8. Qc2 Re8 9. e4 dxe4 10.
Nxe4 Nxe4 11. Qxe4 Nf6 12. Qe2 Bd6 13. Rd1 Qe7 14. Bg5 h6 15. Be3 e5 16. dxe5 Bxe5 17.
Nxe5 Qxe5 18. Re1 Bg4 19. Qc2 Bf5 20. Qb3 Qc7 21. Bf4 Qa5 22. Red1 Bg4 23. Bf3 Bxf3 24.
Qxf3 Re7 25. Bd6 Re6 26. b4 Qa4 27. Qb3 Qa6 28. Rac1 Rae8 29. b5 cxb5 30. cxb5 Qa5 31. a4 Qb6 32. Bc7 Re1+ 33. Rxe1 Rxe1+ 34. Rxe1 Qxc7 35. Qe3 Qa5 36. Qe2 Qxa4 37. Kg2 Qd4 38. Rd1 Qc5 39.
Kg1 Kh7 40. Rd2 a6 41. bxa6 bxa6 42. Rd1 a5 43. Ra1 Qb4 44. Qa2 Ne4 45. Rf1 Nc3 46. Qxf7 a4 47. Qf5+ Kg8 48. Re1 1-0

[Event "*** Titled Tuesday Blitz"]
[Site "Chess.com"]
[Date "2021.04.20"]
[Round "4"]
[White "nrvisakh"]
[Black "bilelou"]
[Result "1/2-1/2"]
[WhiteElo "2791"]
[BlackElo "2629"]
[TimeControl "180+1"]
[EndTime "10:38:36 PDT"]
[Termination "Game drawn by repetition"]

1. e4 c5 2. Nf3 Nc6 3. Bb5 d5 4. exd5 Qxd5 5. O-O Bd7 6. Nc3 Qh5 7. d4 cxd4 8. Nxd4 Qxd1 9. Rxd1 Rc8 10. Be3 a6 11.
Bxc6 Bxc6 12. Nxc6 Rxc6 13. Rd2 Rd6 14. Rxd6 exd6 15. Rd1 Nf6 16. Bd4 Be7 17. a4 Kd7 18. f3 Rc8 19. Kf1 Rc6 20. Ke2 Bd8 21. Kd3 Ne8 22.
b4 Bf6 23. Rb1 Bxd4 24. Kxd4 Nc7 25. g3 d5 26. Kd3 Rh6 27. h4 Rg6 28. g4 Rf6 29.
Rf1 Rf4 30. b5 axb5 31. axb5 Kd6 32. Ne2 Ra4 33. Nd4 Ne6 34. Nxe6 fxe6 35. c3 Ra2 36. h5 h6 37. Rg1 Ke5 38. g5 Rh2 39. gxh6 gxh6 40.
Rg7 Rxh5 41. Rxb7 Rh1 42. Rb8 h5 43. b6 Kd6 44. b7 Kc7 45. Re8 Kxb7 46. Rxe6 h4 47.
Rh6 h3 48. Kc2 Kc7 49. f4 Kd7 50. f5 Ke7 51. f6+ Kf7 52. Kb2 h2 53. Ka2 Ke6 54.
Kb2 Kf7 55. Ka2 Ke6 56. Kb2 Kf7 1/2-1/2

[Event "*** Titled Tuesday Blitz"]
[Site "Chess.com"]
[Date "2021.04.20"]
[Round "4"]
[White "m_ezat"]
[Black "abhidabhi"]
[Result "0-1"]
[WhiteElo "2540"]
[BlackElo "2820"]
[TimeControl "180+1"]
[EndTime "10:38:36 PDT"]
[Termination "abhidabhi won by resignation"]

1. d4 Nf6 2. c4 g6 3. Nc3 d5 4. Bg5 Ne4 5. cxd5 Nxg5 6. h4 Ne4 7. Nxe4 Qxd5 8. Qd3 Bf5 9. Nc3 Qd8 10. e4 Bc8 11. h5 Bg7 12. hxg6 hxg6 13. Rxh8+ Bxh8 14. e5 Nc6 15. Nf3 Bg4 16. Be2 Bxf3 17. Bxf3 Nxd4 18.
Bxb7 Rb8 19. Be4 Bxe5 20. O-O-O c5 21. Qc4 Qa5 22. g3 Rb4 23. Qd5 Qc7 24. f4 Bf6 25. Qa8+ Qb8 26. Qxb8+ Rxb8 27. Rd2 e6 28. Kd1 Ke7 29.
Bg2 Nf5 30. Ne4 Rxb2 31. Rxb2 Bxb2 32. Ke2 Bd4 33. Kd3 Ne3 34. Bf3 f5 35. Nd2 Nd5 36. a3 Bf2 37. Nf1 Kd6 38. Kc4 a6 39. a4 Nb6+ 40. Kb3 c4+ 41. Kc3 Be1+ 42. Kd4 c3 43.
Kd3 Nxa4 44. Ne3 Nc5+ 45. Kc2 Bxg3 46. Nc4+ Ke7 47. Ne5 Kf6 48. Kxc3 Bxf4 49. Nc4 g5 50. Be2 g4 51. Nb6 g3 52. Bf3 Bc7 53. Nc4 e5 54.
Kb4 Nd3+ 55. Kc3 e4 56. Bh1 Nf2 57. Bg2 f4 58. Nd2 f3 59. Nxf3 exf3 60. Bxf3 Kf5 61. Bg2 Kf4 62. Kd4 a5 63. Kc4 Ng4 64. Kc5 Ne3 65. Bh3 g2 66. Bxg2 Nxg2 67. Kc6 a4 68. Kb5 a3 69. Kc6 a2 70. Kb7 a1=Q 0-1

[Event "*** Titled Tuesday Blitz"]
[Site "Chess.com"]
[Date "2021.04.20"]
[Round "4"]
[White "dmitrijiIM"]
[Black "Kobalia"]
[Result "0-1"]
[WhiteElo "2536"]
[BlackElo "2782"]
[TimeControl "180+1"]
[EndTime "10:38:36 PDT"]
[Termination "Kobalia won on time"]

1. e4 c5 2. Nf3 e6 3. d4 cxd4 4. Nxd4 a6 5. Bd3 Bc5 6. Nb3 Be7 7. Qg4 g6 8. Nc3 d6 9. O-O Nf6 10. Qe2 O-O 11. Bh6 Re8 12. Rad1 Qc7 13. Kh1 b5 14.
a3 Nc6 15. f4 Bb7 16. Bg5 Nh5 17. Bxe7 Qxe7 18. e5 Qh4 19. Kg1 Nxf4 20. Qe4 dxe5 21.
g3 Nh3+ 22. Kg2 Qh6 23. Nc5 Ng5 24. Qh4 Kg7 25. Qxh6+ Kxh6 26. Nxb7 f5 27. Nd6 Red8 28.
h4 Rxd6 29. hxg5+ Kxg5 30. Rg1 Rad8 31. Be2 Nd4 32. Rh1 h5 33. Bd3 R6d7 34. Rhe1 e4 35. Bf1 Nxc2 36. Rxd7 Nxe1+ 37. Kf2 Rxd7 38. Kxe1 Kg4 39.
Kf2 e3+ 40. Kxe3 Kxg3 41. Ne2+ Kg4 42. Nf4 g5 43. Be2+ Kh4 44. Ng2+ Kg3 45. Bf1 f4+ 46. Ke4 Rd1 47. Be2 Rd2 0-1